CAL
RANCHO CUCAMONGA QUAKES @ VISALIA RAWHIDE
07/31/2098
 
TOP OF THE 1ST
Rancho Cucamonga Quakes batting - Pitching for Visalia Rawhide : RHP Jalen Greene
Pitching: RHP Jalen Greene
Batting: RHB Ryan Gaines 0-0: Foul Ball, location: 23F
0-1: Ball
1-1: SINGLE (Flyball, 5D, EV 91.3 MPH)
Batting: RHB Gene Foley 0-0: Called Strike
0-1: Ball
1-1: Foul Ball, location: 3FF
1-2: Foul Ball, location: 2F
1-2: Strikes out swinging
Batting: RHB Justin Rottier 0-0: Called Strike
0-1: Fly out, F9 (Line Drive, 9, EV 108.8 MPH)
Batting: LHB Blake Marez 0-0: SINGLE (Line Drive, 4MD, EV 106.3 MPH)
Ryan Gaines to second
Runner from 2nd tries for 3rd, SAFE, throw by CF made to third
Batting: RHB Aaron Hinojosa 0-0: Called Strike
0-1: Called Strike
0-2: Strikes out looking
Top of the 1st over - 0 runs, 2 hits, 0 errors, 2 left on base; Rancho Cucamonga 0 - Visalia 0
BOTTOM OF THE 1ST
Visalia Rawhide batting - Pitching for Rancho Cucamonga Quakes : LHP Antonio Castro
Pitching: LHP Antonio Castro
Batting: RHB Chris Swearingen 0-0: Ball
1-0: Ball
2-0: Swinging Strike
2-1: Fly out, F8 (Flyball, 78M, EV 85.6 MPH)
Batting: LHB Justin Hickey 0-0: Ball
1-0: Called Strike
1-1: Foul Ball, location: 2F
1-2: Foul Ball, location: 5DF
1-2: Ball
2-2: Foul Ball, location: 9LMF
2-2: Ball
3-2: Base on Balls
Batting: RHB Randy Steg 0-0: Foul Ball, location: 2F
0-1: Ball
1-1: Called Strike
1-2: Ball
2-2: Strikes out swinging
Batting: SHB Ashton Whiteside 0-0: Called Strike
0-1: Ball
1-1: Ball
2-1: Foul Ball, location: 2F
2-2: Foul Ball, location: 2F
2-2: Ball
3-2: SINGLE (Groundball, 6MD, EV 99.4 MPH)
Justin Hickey to second
Justin Hickey to third
Batting: RHB Bill Baynum 0-0: Swinging Strike
0-1: Foul Ball, location: 23F
0-2: Foul Ball, location: 2F
0-2: Ball
1-2: Foul Ball, location: 2F
1-2: Foul Ball, location: 9LMF
1-2: Foul Ball, location: 2F
1-2: Strikes out swinging
Bottom of the 1st over - 0 runs, 1 hit, 0 errors, 2 left on base; Rancho Cucamonga 0 - Visalia 0
TOP OF THE 2ND
Rancho Cucamonga Quakes batting - Pitching for Visalia Rawhide : RHP Jalen Greene
Batting: LHB Joey Baker 0-0: Foul Ball, location: 25F
0-1: Swinging Strike
0-2: Strikes out swinging
Batting: LHB Ryan Greene 0-0: Ball
1-0: Ball
2-0: Ball
3-0: Base on Balls
Batting: RHB Aaron Marcis 0-0: Foul Ball, location: 2F
0-1: Called Strike
0-2: Ball
1-2: Strikes out swinging
Batting: SHB Mike Godwin 0-0: Ball
1-0: Called Strike
1-1: Swinging Strike
1-2: Strikes out swinging
Top of the 2nd over - 0 runs, 0 hits, 0 errors, 1 left on base; Rancho Cucamonga 0 - Visalia 0
BOTTOM OF THE 2ND
Visalia Rawhide batting - Pitching for Rancho Cucamonga Quakes : LHP Antonio Castro
Batting: RHB Mike Sansone 0-0: Ball
1-0: Ball
2-0: Ball
3-0: Called Strike
3-1: Foul Ball, location: 2F
3-2: Fly out, F8 (Line Drive, 78D, EV 98.8 MPH)
Batting: SHB Pat Belanger 0-0: Called Strike
0-1: Called Strike
0-2: Strikes out looking
Batting: RHB Larry Winstead 0-0: Foul Ball, location: 25F
0-1: Called Strike
0-2: Ball
1-2: SINGLE (Line Drive, 56, EV 101.3 MPH)
Batting: SHB Antonio Abreu 0-0: Foul Ball, location: 2F
0-1: Ball
1-1: Ball
2-1: Swinging Strike
2-2: Ball
3-2: Base on Balls
Larry Winstead to second
Batting: RHB Chris Swearingen 0-0: Ball
1-0: Called Strike
1-1: Foul Ball, location: 2F
1-2: Foul Ball, location: 2F
1-2: Ground out 3-1 (Groundball, 34, EV 80.0 MPH)
Bottom of the 2nd over - 0 runs, 1 hit, 0 errors, 2 left on base; Rancho Cucamonga 0 - Visalia 0
TOP OF THE 3RD
Rancho Cucamonga Quakes batting - Pitching for Visalia Rawhide : RHP Jalen Greene
Batting: RHB Ryan Gaines 0-0: Foul Ball, location: 5FF
0-1: Ball
1-1: Swinging Strike
1-2: Strikes out swinging
Batting: RHB Gene Foley 0-0: Called Strike
0-1: SINGLE (Line Drive, 56, EV 97.5 MPH)
Batting: RHB Justin Rottier 0-0: Called Strike
0-1: Ball
1-1: Called Strike
1-2: Foul Ball, location: 7LSF
1-2: Ball
2-2: Foul Ball, location: 9LMF
2-2: SINGLE (Groundball, P, EV 86.3 MPH) (infield hit)
Gene Foley to second
Batting: LHB Blake Marez 0-0: Ball
1-0: Called Strike
1-1: Foul Ball, location: 5DF
1-2: Ball
2-2: Foul Ball, location: 2RF
2-2: Foul Ball, location: 2F
2-2: Ball
3-2: Fly out, F8 (Flyball, 78D, EV 85.6 MPH)
Runner from 2nd tags up, SAFE at 3rd with throw by CF
Batting: RHB Aaron Hinojosa 0-0: Ball
1-0: Foul Ball, location: 2F
1-1: Called Strike
1-2: Foul Ball, location: 23F
1-2: Foul Ball, location: 5DF
1-2: Fly out, F7 (Flyball, 7, EV 75.6 MPH)
Top of the 3rd over - 0 runs, 2 hits, 0 errors, 2 left on base; Rancho Cucamonga 0 - Visalia 0
BOTTOM OF THE 3RD
Visalia Rawhide batting - Pitching for Rancho Cucamonga Quakes : LHP Antonio Castro
Batting: LHB Justin Hickey 0-0: Foul Ball, location: 3SF
0-1: Called Strike
0-2: Ball
1-2: Foul Ball, location: 25F
1-2: Ball
2-2: Ground out 4-3 (Groundball, 4, EV 80.0 MPH)
Batting: RHB Randy Steg 0-0: Foul Ball, location: 2F
0-1: Ball
1-1: Fly out, F9 (Flyball, 89S, EV 94.4 MPH)
Batting: SHB Ashton Whiteside 0-0: Ball
1-0: Fly out, F9 (Flyball, 9, EV 81.9 MPH)
Bottom of the 3rd over - 0 runs, 0 hits, 0 errors, 0 left on base; Rancho Cucamonga 0 - Visalia 0
TOP OF THE 4TH
Rancho Cucamonga Quakes batting - Pitching for Visalia Rawhide : RHP Jalen Greene
Batting: LHB Joey Baker 0-0: Ball
1-0: Foul Ball, location: 2F
1-1: Swinging Strike
1-2: Ball
2-2: Hit by Pitch
Batting: LHB Ryan Greene 0-0: SINGLE (Line Drive, 8LS, EV 105.0 MPH)
Joey Baker to second
Batting: RHB Aaron Marcis 0-0: Called Strike
0-1: Foul Ball, location: 2LF
0-2: Strikes out swinging
Batting: SHB Mike Godwin 0-0: Ball
1-0: Called Strike
1-1: SINGLE (Line Drive, 9S, EV 93.8 MPH)
Joey Baker to third
Ryan Greene to second
Batting: RHB Ryan Gaines 0-0: Ball
1-0: Foul Ball, location: 2F
1-1: Swinging Strike
1-2: Strikes out looking
Batting: RHB Gene Foley 0-0: Called Strike
0-1: Foul Ball, location: 9LDF
0-2: Ball
1-2: Strikes out swinging
Top of the 4th over - 0 runs, 2 hits, 0 errors, 3 left on base; Rancho Cucamonga 0 - Visalia 0
BOTTOM OF THE 4TH
Visalia Rawhide batting - Pitching for Rancho Cucamonga Quakes : LHP Antonio Castro
Batting: RHB Bill Baynum 0-0: Ball
1-0: Ball
2-0: Foul Ball, location: 3FF
2-1: Swinging Strike
2-2: Strikes out swinging
Batting: RHB Mike Sansone 0-0: Called Strike
0-1: Swinging Strike
0-2: Ball
1-2: Foul Ball, location: 9LSF
1-2: Foul Ball, location: 25F
1-2: Ball
2-2: Ball
3-2: Strikes out looking
Batting: SHB Pat Belanger 0-0: Foul Ball, location: 3SF
0-1: Ground out 6-3 (Groundball, 6, EV 88.1 MPH)
Bottom of the 4th over - 0 runs, 0 hits, 0 errors, 0 left on base; Rancho Cucamonga 0 - Visalia 0
TOP OF THE 5TH
Rancho Cucamonga Quakes batting - Pitching for Visalia Rawhide : RHP Jalen Greene
Batting: RHB Justin Rottier 0-0: Swinging Strike
0-1: Swinging Strike
0-2: Strikes out looking
Batting: LHB Blake Marez 0-0: Ground out U3 (Groundball, 34, EV 101.3 MPH)
Batting: RHB Aaron Hinojosa 0-0: Called Strike
0-1: Foul Ball, location: 9LMF
0-2: Foul Ball, location: 2F
0-2: Strikes out swinging
Top of the 5th over - 0 runs, 0 hits, 0 errors, 0 left on base; Rancho Cucamonga 0 - Visalia 0
BOTTOM OF THE 5TH
Visalia Rawhide batting - Pitching for Rancho Cucamonga Quakes : LHP Antonio Castro
Batting: RHB Larry Winstead 0-0: Foul Ball, location: 23F
0-1: Swinging Strike
0-2: Strikes out swinging
Batting: SHB Antonio Abreu 0-0: SOLO HOME RUN (Flyball, 7D, EV 98.1 MPH), Distance : 363 ft
Batting: RHB Chris Swearingen 0-0: Ball
1-0: Swinging Strike
1-1: Ball
2-1: Swinging Strike
2-2: Strikes out swinging
Batting: LHB Justin Hickey 0-0: Fly out, F9 (Flyball, 9LM, EV 81.3 MPH)
Bottom of the 5th over - 1 run, 1 hit, 0 errors, 0 left on base; Rancho Cucamonga 0 - Visalia 1
TOP OF THE 6TH
Rancho Cucamonga Quakes batting - Pitching for Visalia Rawhide : RHP Jalen Greene
Batting: LHB Joey Baker 0-0: Called Strike
0-1: Ball
1-1: Ball
2-1: Foul Ball, location: 5FF
2-2: Foul Ball, location: 3DF
2-2: Ball
3-2: SINGLE (Groundball, 6MD, EV 97.5 MPH)
Batting: LHB Ryan Greene 0-0: Foul Ball, location: 5F
0-1: Swinging Strike
0-2: Fly out, F7 (Line Drive, 78M, EV 96.3 MPH)
Batting: RHB Aaron Marcis 0-0: Grounds into double play, 4-6-3 (Groundball, 4, EV 89.4 MPH)
Top of the 6th over - 0 runs, 1 hit, 0 errors, 0 left on base; Rancho Cucamonga 0 - Visalia 1
BOTTOM OF THE 6TH
Visalia Rawhide batting - Pitching for Rancho Cucamonga Quakes : LHP Antonio Castro
Batting: RHB Randy Steg 0-0: Ground out 5-3 (Groundball, 56S, EV 92.5 MPH)
Batting: SHB Ashton Whiteside 0-0: Ball
1-0: Ball
2-0: Ball
3-0: Base on Balls
Batting: RHB Bill Baynum 0-0: Ball
1-0: SINGLE (Line Drive, 8LS, EV 87.5 MPH)
Ashton Whiteside to second
Pinch Runner at 2nd Greg Wasserman:
Batting: RHB Mike Sansone 0-0: Ball
1-0: Foul Ball, location: 5FF
1-1: Fly out, F8 (Flyball, 8RD, EV 106.3 MPH)
Batting: SHB Pat Belanger 0-0: Swinging Strike
0-1: Swinging Strike
0-2: Ball
1-2: Strikes out swinging
Bottom of the 6th over - 0 runs, 1 hit, 0 errors, 2 left on base; Rancho Cucamonga 0 - Visalia 1
TOP OF THE 7TH
Rancho Cucamonga Quakes batting - Pitching for Visalia Rawhide : RHP Jalen Greene
Batting: SHB Mike Godwin 0-0: Ball
1-0: Called Strike
1-1: Called Strike
1-2: Ball
2-2: Foul Ball, location: 9LDF
2-2: Foul Ball, location: 2F
2-2: SINGLE (Groundball, 34D, EV 98.8 MPH)
Batting: RHB Ryan Gaines 0-0: Ball
1-0: Foul Ball, location: 5F
1-1: Hit by Pitch
Mike Godwin to second
Batting: RHB Gene Foley 0-0: DOUBLE (Flyball, 7LD, EV 103.8 MPH)
Mike Godwin scores
Ryan Gaines to third
Batting: RHB Justin Rottier 0-0: Ball
1-0: Ball
2-0: Ball
3-0: Base on Balls
Batting: LHB Blake Marez 0-0: Foul Ball, location: 9LSF
0-1: Ball
1-1: GRAND SLAM HOME RUN (Flyball, 9D, EV 95.6 MPH), Distance : 359 ft
Pitching: RHP Bernie Reyes
Batting: RHB Aaron Hinojosa 0-0: Ball
1-0: Ball
2-0: Ball
3-0: Called Strike
3-1: SOLO HOME RUN (Flyball, 7D, EV 100.6 MPH), Distance : 398 ft
Batting: LHB Joey Baker 0-0: Called Strike
0-1: SINGLE (Groundball, 4MD, EV 97.5 MPH)
Batting: LHB Ryan Greene 0-0: Ball
1-0: Foul Ball, location: 25F
1-1: Ground out 4-3 (Groundball, 34D, EV 99.4 MPH)
Joey Baker to second
Batting: RHB Aaron Marcis 0-0: Ball
1-0: Ball
2-0: Ball
3-0: Base on Balls
Batting: SHB Mike Godwin 0-0: Ball
1-0: Foul Ball, location: 7LSF
1-1: Swinging Strike
1-2: Ball
2-2: Ball
3-2: Fly out, F9 (Flyball, 9, EV 101.3 MPH)
Batting: RHB Ryan Gaines 0-0: Called Strike
0-1: Ball
1-1: Swinging Strike
1-2: Fielders Choice at 2nd, 5-4 (Groundball, 56, EV 106.9 MPH)
Top of the 7th over - 6 runs, 5 hits, 0 errors, 2 left on base; Rancho Cucamonga 6 - Visalia 1
BOTTOM OF THE 7TH
Visalia Rawhide batting - Pitching for Rancho Cucamonga Quakes : LHP Antonio Castro
Pitching: LHP Sean Cowan
Batting: RHB Larry Winstead 0-0: Foul Ball, location: 5DF
0-1: Ground out 4-3 (Groundball, 34D, EV 95.6 MPH)
Batting: SHB Antonio Abreu 0-0: Called Strike
0-1: SOLO HOME RUN (Flyball, 7D, EV 94.4 MPH), Distance : 351 ft
Batting: RHB Chris Swearingen 0-0: Foul Ball, location: 5F
0-1: Swinging Strike
0-2: Ground out 5-3 (Groundball, 56S, EV 88.8 MPH)
Batting: LHB Justin Hickey 0-0: Foul Ball, location: 7LMF
0-1: Foul Ball, location: 7LMF
0-2: Ball
1-2: Strikes out swinging
Bottom of the 7th over - 1 run, 1 hit, 0 errors, 0 left on base; Rancho Cucamonga 6 - Visalia 2
TOP OF THE 8TH
Rancho Cucamonga Quakes batting - Pitching for Visalia Rawhide : RHP Bernie Reyes
Batting: RHB Gene Foley 0-0: Called Strike
0-1: Ball
1-1: Ground out 6-3 (Groundball, 6, EV 89.4 MPH)
Batting: RHB Justin Rottier 0-0: Ball
1-0: Ball
2-0: Ball
3-0: Base on Balls
Batting: LHB Blake Marez 0-0: Ball
1-0: Ball
2-0: Ball
3-0: Base on Balls
Justin Rottier to second
Batting: RHB Aaron Hinojosa 0-0: Foul Ball, location: 7LSF
0-1: Foul Ball, location: 3SF
0-2: Foul Ball, location: 2F
0-2: Ball
1-2: Strikes out swinging
Batting: LHB Joey Baker 0-0: Ball
1-0: Foul Ball, location: 7LDF
1-1: Ball
2-1: Swinging Strike
2-2: Fly out, F7 (Flyball, 7LM, EV 91.9 MPH)
Top of the 8th over - 0 runs, 0 hits, 0 errors, 2 left on base; Rancho Cucamonga 6 - Visalia 2
BOTTOM OF THE 8TH
Visalia Rawhide batting - Pitching for Rancho Cucamonga Quakes : LHP Sean Cowan
Batting: RHB Randy Steg 0-0: Called Strike
0-1: Called Strike
0-2: Ball
1-2: Ball
2-2: Ball
3-2: Strikes out looking
Batting: RHB Chris Boline 0-0: Ball
1-0: Ball
2-0: Called Strike
2-1: Foul Ball, location: 2F
2-2: Strikes out swinging
Batting: RHB Bill Baynum 0-0: Ball
1-0: Called Strike
1-1: Ball
2-1: SINGLE (Line Drive, 56D, EV 96.3 MPH)
Batting: RHB Mike Sansone 0-0: Ball
1-0: SINGLE (Flyball, 89S, EV 87.5 MPH)
Bill Baynum to second
Runner from 2nd tries for 3rd, SAFE, throw by RF made to third
Batting: SHB Pat Belanger 0-0: Fly out, F8 (Flyball, 8RD, EV 100.0 MPH)
Bottom of the 8th over - 0 runs, 2 hits, 0 errors, 2 left on base; Rancho Cucamonga 6 - Visalia 2
TOP OF THE 9TH
Rancho Cucamonga Quakes batting - Pitching for Visalia Rawhide : RHP Bernie Reyes
Pitching: RHP Matt Moriarty
Batting: LHB Ryan Greene 0-0: Foul Ball, location: 2F
0-1: SOLO HOME RUN (Flyball, 7D, EV 92.5 MPH), Distance : 356 ft
Batting: RHB Aaron Marcis 0-0: SINGLE (Groundball, 34D, EV 100.0 MPH)
Batting: SHB Mike Godwin 0-0: Called Strike
0-1: Ball
1-1: Ball
2-1: Ball
3-1: Base on Balls
Aaron Marcis to second
Batting: RHB Ryan Gaines 0-0: Called Strike
0-1: Ball
1-1: SINGLE (Groundball, 13, EV 69.4 MPH) (infield hit)
Aaron Marcis to third
Mike Godwin to second
Batting: RHB Gene Foley 0-0: Foul Ball, location: 2F
0-1: Ball
1-1: Foul Ball, location: 23F
1-2: Ball
2-2: Ball
3-2: DOUBLE (Line Drive, 7LM, EV 106.3 MPH)
Aaron Marcis scores
Mike Godwin scores
Ryan Gaines to third
Batting: RHB Justin Rottier 0-0: Ball
1-0: Foul Ball, location: 3F
1-1: Ball
2-1: Ground out 5-3 (Groundball, 56, EV 84.4 MPH)
Ryan Gaines scores
Pitching: LHP Ezequiel Gutierrez
Batting: LHB Blake Marez 0-0: Ground out 4-3 (Groundball, 4, EV 83.1 MPH)
Gene Foley to third
Batting: RHB Aaron Hinojosa 0-0: Foul Ball, location: 5FF
0-1: Called Strike
0-2: Ball
1-2: Strikes out swinging
Top of the 9th over - 4 runs, 4 hits, 0 errors, 1 left on base; Rancho Cucamonga 10 - Visalia 2
BOTTOM OF THE 9TH
Visalia Rawhide batting - Pitching for Rancho Cucamonga Quakes : LHP Sean Cowan
Batting: RHB Larry Winstead 0-0: Swinging Strike
0-1: Ball
1-1: Ball
2-1: Called Strike
2-2: Ball
3-2: SINGLE (Line Drive, 7LM, EV 101.9 MPH)
Batting: SHB Antonio Abreu 0-0: Foul Ball, location: 23F
0-1: Swinging Strike
0-2: Ball
1-2: Strikes out swinging
Batting: RHB Chris Swearingen 0-0: Swinging Strike
0-1: Foul Ball, location: 5DF
0-2: Ball
1-2: Ball
2-2: Ball
3-2: Strikes out swinging
Batting: LHB Justin Hickey 0-0: Called Strike
0-1: Fly out, F8 (Flyball, 8RD, EV 95.6 MPH)
Bottom of the 9th over - 0 runs, 1 hit, 0 errors, 1 left on base; Rancho Cucamonga 10 - Visalia 2
Thursday, April 11th , 2024 - OOTP Baseball 24.11 Build 85